Map: 16-Bit LE

Players

ManlyManMeat - Winner!

  • Race: Zerg Zerg
  • Spawn Location: 7:00

VOD

Have the link to the VOD?

Description

Time

  • Played on: May 14, 2025, 7:32 p.m.
  • Length: 5:04
Show
View Real Time Build Order
Export as new Build Order

ManlyManMeat Zerg - Winner!

Build Orders: Hatch First 

Get SALT Encoding   

  12  0:08  Overlord  
  12  0:13  Drone  
  12  0:19  Drone  
  12  0:26  Drone  
  12  0:31  Drone  
  12  0:40  Drone  
  12  0:53  Hatchery  
  12  1:08  Spawning Pool  
  12  1:10  Extractor  
  12  1:14  Drone  
  12  1:15  Drone  
  12  1:18  Drone  
  12  1:29  Drone  
  12  1:43  Drone  
  12  1:51  Hatchery  
  12  1:59  Drone x2  
  12  2:09  Queen  
  12  2:13  Drone  
  12  2:24  Lair  
  12  2:29  Drone  
  12  2:30  Drone  
  12  2:34  Drone  
  12  2:43  Overlord  
  12  2:45  Drone  
  12  3:01  Queen  
  12  3:02  Overlord  
  12  3:04  Drone x2  
  12  3:08  Drone  
  12  3:28  Extractor  
  12  3:29  Extractor x2  
  12  3:32  Drone x2  
  12  3:33  Drone x7  
  12  3:46  Spire  
  12  3:50  Queen  
  12  4:01  Extractor  
  12  4:02  Extractor  
  12  4:05  Drone x4  
  12  4:23  Drone x2  
  12  4:24  Drone  
  12  4:33  Drone x4  
  12  4:34  Drone x2  
  12  4:39  Overlord x2  
  12  4:52  Spire  
  12  5:01  Infestation Pit  
Tags
 
Add a new tag
Caveats
  • Supply blocks, unpowered buildings, or Contaminate may cause inaccurate times.
  • Supply counts are checked every 10 seconds.